Map: Simulacrum LE

Players

Lambo

  • Race: Zerg Zerg
  • Spawn Location: 5:00

SortOf - Winner!

  • Race: Zerg Zerg
  • Spawn Location: 11:00

Event: StayAtHomestory Cup #1

VOD

Have the link to the VOD?

Description

Time

  • Played on: April 10, 2020, 2:28 p.m.
  • Length: 8:28

All games in this series

Show
View Real Time Build Order
Export as new Build Order

Lambo Zerg 

Build Orders: Hatch First 

Get SALT Encoding   

  12  0:01  Drone  
  13  0:12  Overlord  
  13  0:17  Drone  
  14  0:30  Drone x2  
  16  0:48  Hatchery  
  15  0:51  Drone  
  15  0:55  Drone  
  17  1:00  Drone  
  18  1:09  Extractor  
  17  1:14  Spawning Pool  
  17  1:16  Drone  
  17  1:20  Drone  
  18  1:27  Drone  
  19  1:38  Drone  
  20  1:49  Drone  
  21  2:01  Zergling x2, Queen x2  
  23  2:04  Overlord  
  26  2:10  Metabolic Boost  
  26  2:11  Drone x2  
  28  2:22  Drone  
  29  2:25  Drone  
  30  2:34  Hatchery  
  29  2:37  Drone  
  29  2:41  Drone  
  29  2:44  Drone  
  32  2:47  Baneling Nest  
  31  2:53  Overlord  
  31  2:58  Zergling x4  
  33  3:04  Drone  
  34  3:07  Overlord  
  34  3:11  Zergling x8  
  38  3:15  Overlord  
  38  3:18  Zergling x2  
  39  3:25  Overlord  
  39  3:27  Zergling x2  
  39  3:31  Zergling x2  
  39  3:32  Zergling x2  
  41  3:39  Baneling x5  
  41  3:41  Zergling x2  
  42  3:43  Drone x3  
  45  3:49  Baneling  
  45  3:51  Queen  
  45  3:52  Drone  
  48  4:00  Drone x3  
  50  4:12  Evolution Chamber  
  50  4:13  Drone x6  
  54  4:18  Drone x2  
  54  4:23  Drone x3  
  58  4:26  Drone x2  
  58  4:29  Extractor  
  59  4:34  Drone x3  
  63  4:38  Drone  
  63  4:41  Extractor, Drone  
  63  4:44  Zerg Missile Weapons Level 1  
  63  4:48  Drone x2  
  63  4:49  Roach Warren  
  64  4:54  Drone x4  
  64  4:59  Lair  
  67  5:02  Drone  
  67  5:03  Drone x2  
  70  5:08  Baneling x2  
  70  5:12  Zergling x8  
  66  5:22  Zergling x6  
  66  5:25  Zergling x12  
  72  5:32  Drone x2  
  74  5:41  Overlord  
  74  5:43  Overlord x2  
  74  5:46  Extractor  
  73  5:50  Extractor  
  73  5:55  Baneling x2  
  71  5:58  Drone x2  
  71  5:59  Drone  
  71  6:00  Drone x5, Overlord  
  71  6:02  Glial Reconstitution, Pneumatized Carapace  
  79  6:04  Extractor  
  79  6:07  Drone x4  
  82  6:17  Drone x8  
  85  6:26  Roach  
  85  6:31  Roach x2  
  91  6:35  Hatchery  
  91  6:36  Drone x3  
  91  6:37  Drone  
  91  6:39  Roach x4  
  102  6:45  Evolution Chamber  
  101  6:48  Overseer  
  101  6:50  Overlord  
  101  6:58  Overlord  
  101  7:01  Roach  
  101  7:03  Roach  
  105  7:09  Overlord  
  105  7:16  Roach x8, Overlord  
  105  7:19  Overlord  
  105  7:20  Overlord x3  
  121  7:29  Overlord  
  121  7:34  Roach x4  
  129  7:39  Roach x4  
  129  7:41  Roach x3  
  142  7:48  Roach x4  
  143  7:52  Roach Warren  
Show
View Real Time Build Order
Export as new Build Order

SortOf Zerg - Winner!

Build Orders: Hatch First, Zergling Baneling 

Get SALT Encoding   

  12  0:00  Drone  
  13  0:12  Overlord  
  13  0:17  Drone  
  14  0:31  Drone x2  
  16  0:48  Hatchery  
  15  0:52  Drone  
  15  0:56  Drone  
  17  0:59  Drone  
  18  1:11  Extractor  
  18  1:15  Spawning Pool  
  18  1:17  Drone  
  17  1:21  Drone  
  18  1:28  Drone  
  19  1:38  Drone  
  20  1:49  Drone  
  21  2:02  Queen x2  
  21  2:04  Overlord  
  21  2:07  Drone  
  26  2:10  Drone  
  26  2:12  Drone  
  28  2:18  Metabolic Boost  
  28  2:24  Zergling x4  
  30  2:35  Hatchery  
  29  2:38  Drone  
  29  2:39  Drone  
  31  2:48  Baneling Nest  
  30  2:51  Drone  
  30  2:53  Overlord  
  30  2:55  Drone  
  32  2:59  Drone  
  32  3:05  Drone  
  34  3:10  Queen  
  36  3:14  Drone x2  
  36  3:19  Zergling x2  
  39  3:20  Drone x2  
  39  3:25  Evolution Chamber  
  40  3:29  Drone x2  
  40  3:31  Overlord  
  40  3:33  Baneling x2  
  42  3:35  Zergling x2  
  42  3:37  Zergling x2  
  44  3:43  Overlord  
  44  3:47  Zergling x6  
  47  3:50  Baneling x2  
  47  3:54  Zergling x4  
  47  3:55  Zergling x2  
  50  3:56  Baneling  
  50  4:02  Baneling x2  
  49  4:06  Roach Warren  
  48  4:10  Baneling x2  
  48  4:13  Drone x2  
  49  4:19  Drone  
  49  4:20  Drone  
  49  4:22  Drone x3  
  49  4:24  Overlord  
  52  4:25  Extractor  
  52  4:29  Drone x2  
  52  4:30  Drone, Overlord  
  54  4:32  Drone  
  54  4:35  Overlord  
  55  4:38  Drone  
  55  4:39  Drone  
  55  4:42  Drone x2  
  59  4:46  Zerg Missile Weapons Level 1  
  59  4:51  Drone x2  
  59  4:52  Drone  
  62  4:56  Drone  
  62  4:57  Zergling x2  
  64  5:01  Extractor  
  64  5:04  Drone x2  
  64  5:05  Drone x2  
  67  5:08  Lair  
  67  5:09  Zergling x2  
  64  5:25  Drone  
  64  5:26  Drone  
  64  5:27  Zergling x2  
  65  5:31  Zergling x4  
  65  5:32  Baneling x3  
  65  5:33  Drone x2  
  65  5:35  Extractor, Overlord  
  67  5:36  Drone x5  
  67  5:40  Extractor x2  
  67  5:41  Roach x5  
  80  5:43  Baneling  
  80  5:48  Drone x4  
  84  6:00  Overlord  
  84  6:01  Drone  
  84  6:02  Drone  
  86  6:07  Glial Reconstitution  
  86  6:08  Drone x2  
  86  6:09  Drone x2  
  86  6:10  Pneumatized Carapace, Overlord  
  90  6:12  Roach x2  
  90  6:13  Roach  
  90  6:19  Drone x2  
  90  6:28  Drone, Overlord  
  99  6:33  Roach x4  
  99  6:36  Nydus Network, Overlord  
  99  6:38  Roach x3  
  103  6:44  Hatchery  
  103  6:45  Roach x4  
  110  6:49  Overlord  
  110  6:54  Overseer  
  110  6:56  Roach x3  
  116  7:04  Roach x5  
  116  7:08  Roach x2  
  130  7:14  Roach x3  
  136  7:18  Nydus Canal  
  136  7:20  Roach, Overlord  
  138  7:25  Overlord x2  
  138  7:37  Nydus Canal  
  138  7:39  Roach x4  
  146  7:50  Roach x8  
  155  8:00  Drone x6  
  155  8:03  Roach  
  137  8:08  Roach  
Tags
 
Add a new tag
Caveats
  • Supply blocks, unpowered buildings, or Contaminate may cause inaccurate times.
  • Supply counts are checked every 10 seconds.